 Dungeon Crawl Stone Soup version 0.27.1-34-g3ba077fa99 (webtiles) character file.

Game seed: 7322548961220931044

18589 mcbry74 the Grappler (level 12, -5/113 HPs)
             Began as a Troll Berserker on Jan 25, 2022.
             Was an Elder of Trog.
             Slain by a black mamba (8 damage)
             ... on level 2 of the Lair of Beasts.
             The game lasted 00:38:13 (9276 turns).

mcbry74 the Grappler (Troll Berserker)              Turns: 9276, Time: 00:38:14

Health: -5/113     AC:  8    Str: 31      XL:     12   Next: 29%
Magic:  11/11      EV: 15    Int:  3 (4)  God:    Trog [****..]
Gold:   1144       SH:  0    Dex:  9      Spells: 11/11 levels left

rFire    . . .     SeeInvis .     - Unarmed
rCold    . . .     Faith    .   (no shield)
rNeg     . . .     Spirit   .   B - +0 steam dragon scales
rPois    .         Reflect  .   (helmet restricted)
rElec    .         Harm     .   (no cloak)
rCorr    +         Rampage  .   (gloves unavailable)
Will     ++...                  (boots unavailable)
Stlth    +.........             C - amulet of regeneration
HPRegen  3.28/turn              F - +4 ring of evasion
MPRegen  0.12/turn              i - ring of resist corrosion

@: lethally poisoned (-5 -> -23), strong-willed, attractive, regenerating
A: large, unfitting armour, claws 3, regeneration 1, shaggy fur 1, tough skin 1,
deterioration 1
a: Renounce Religion, Berserk, Trog's Hand, Brothers in Arms


You were on level 2 of the Lair of Beasts.
You worshipped Trog.
Trog was greatly pleased with you.
You visited 2 branches of the dungeon, and saw 11 of its levels.

You collected 1144 gold pieces.

Inventory:

Hand Weapons
 l - a +0 giant spiked club
 m - the +10 trident of Hepliaklqana's Outrage {elec, Fly rCorr}
   (You found it on level 4 of the Dungeon)

   It occasionally discharges a powerful burst of electricity upon striking a
   foe.
   Fly:       It grants you flight.
   rCorr:     It protects you from acid and corrosion.
 A - a +3 morningstar of protection
Missiles
 g - 89 poisoned darts
 n - 3 large rocks (quivered)
 s - 5 atropa-tipped darts
 t - 2 curare-tipped darts
 E - a throwing net
 K - 9 javelins
Armour
 a - a +0 animal skin
 j - a +1 robe of resistance
 q - a +0 kite shield
 z - a +0 plate armour
 B - +0 steam dragon scales (worn)
Jewellery
 i - a ring of resist corrosion (right claw)
 p - a +6 ring of strength
 C - an amulet of regeneration (around neck)
 F - a +4 ring of evasion (left claw)
 M - a ring of magical power
 P - an amulet of faith
Wands
 c - a wand of charming (4)
 f - a wand of flame (9)
 h - a wand of iceblast (7)
 v - a wand of acid (8)
 w - a wand of digging (4)
Scrolls
 b - 6 scrolls of teleportation
 d - a scroll of enchant armour
 k - 2 scrolls of fog {unknown}
 o - a scroll of vulnerability {unknown}
 r - a scroll of amnesia {unknown}
 y - 2 scrolls of blinking {unknown}
 G - a scroll of silence {unknown}
 H - 2 scrolls of fear {unknown}
 Q - a scroll of torment {unknown}
 R - a scroll of identify
Potions
 e - 3 potions of brilliance
 u - a potion of berserk rage
 x - 2 potions of flight
 D - 3 potions of invisibility
 I - a potion of heal wounds
 L - a potion of might {unknown}
 N - 2 potions of attraction
 O - a potion of haste {unknown}
Miscellaneous
 J - a piece from Xom's chessboard (15/15)


   Skills:
 + Level 5.7 Fighting
 + Level 5.5 Throwing
 + Level 4.9 Armour
 + Level 5.6 Dodging
 + Level 4.9 Shields
 + Level 13.8 Unarmed Combat
 + Level 4.4 Evocations


You had 11 spell levels left.
You didn't know any spells.
Your spell library was empty.

Dungeon Overview and Level Annotations

Branches:
Dungeon (9/15)             Temple (0/1) D:5            Lair (2/6) D:8
    Orc (0/2) D:9
  Swamp: Lair:2-4    Shoals: Lair:2-4     Snake: Lair:2-4    Spider: Lair:2-4

Altars:
Fedhas
Nemelex Xobeh
Okawaru
Qazlal
Sif Muna
Vehumet
Xom
Zin

Shops:
D:3 [   D:6 ((?   D:7 ?   D:9 (=[[((


Innate Abilities, Weirdness & Mutations

You are too large for most types of armour.
You have claws for hands.
Your natural rate of healing is unusually fast.
You are covered in fur. (AC +1)
You have tough skin. (AC +1)
Your body sometimes deteriorates upon taking damage.


Message History

The black mamba is heavily wounded.
You feel very sick. The cane toad misses you.
The black mamba barely misses you.
You claw the black mamba!
The black mamba is severely wounded.
You feel very sick. The black mamba closely misses you.
The cane toad stings you!
* * * LOW HITPOINT WARNING * * *
You are more poisoned.
The cane toad poisons you!
You scratch the black mamba. Your claw misses the black mamba.
The black mamba is almost dead.
You feel very sick. The black mamba barely misses you.
The cane toad stings you.
* * * LOW HITPOINT WARNING * * *
You are lethally poisoned!
The cane toad poisons you! The black mamba misses you.
You feel much better.
You feel extremely sick. The black mamba bites you!
* * * LOW HITPOINT WARNING * * *
You are lethally poisoned!
The black mamba poisons you!
The cane toad stings you but does no damage.
It was a potion of attraction.
You feel attractive to monsters.
* * * LOW HITPOINT WARNING * * *
You feel extremely sick. The black mamba barely misses you.
The cane toad completely misses you. The black mamba bites you!
* * * LOW HITPOINT WARNING * * *
You feel much better.
* * * LOW HITPOINT WARNING * * *
You feel extremely sick. The black mamba bites you!
* * * LOW HITPOINT WARNING * * *
The cane toad stings you.
* * * LOW HITPOINT WARNING * * *
The black mamba bites you!
You die...

#..........
#.........#...P#.....
#........#.#..##.....
#....................
#####....................
#...........[............
#........................
#.......SF...............
#.......@................
#...........P.####......P
#..........##.#####......
#####...........#....+.......
#..............##.....#......
##..............##............
#...............#.....#.......
#P...............#.....#......
##..............##+#####......


You could see a black mamba and a cane toad.

Vanquished Creatures
  A minotaur (Lair:1)
  The ghost of DiogoH the Basher, a journeyman PaWr of Uskayaw (Lair:1)
  2 hydras (Lair:1)
  A boulder beetle (D:7)
  A two-headed ogre (D:9)
  The ghost of Jazqba the Cleaver, a novice HOAK of Lugonu (D:7)
  Maggie (D:6)
  2 kobold demonologists (D:5)
  3 komodo dragons (Lair:1)
  3 hornets
  A troll (D:8)
  5 blink frogs (Lair:1)
  Sigmund (D:5)
  4 wyverns
  Eustachio (D:5)
  18 yaks
  The ghost of Jazqba the Skirmisher, an amateur HOHu of Hepliaklqana (D:3)
  3 steam dragons
  Menkaure (D:5)
  Edmund (D:5)
  3 acid dragons
  8 water moccasins
  Duvessa (D:4)
  3 orc warriors
  A hornet zombie (D:7)
  A sky beast (D:8)
  2 ice beasts
  A black bear (Lair:1)
  An ogre (D:4)
  2 necrophages
  6 centaurs
  2 phantoms
  4 kobold brigands
  Blork the orc (D:6)
  6 bullfrogs
  2 scorpions
  Dowan (D:4)
  A wyvern skeleton (D:6)
  2 water moccasin skeletons
  10 wights
  2 killer bees (D:9)
  4 electric eels
  4 howler monkeys
  A centaur zombie (D:9)
  3 hounds
  A centaur skeleton (D:5)
  2 orc priests (D:9)
  An iguana (D:6)
  4 bullfrog skeletons
  8 orc wizards
  Ijyb (D:3)
  A hound zombie (D:5)
  2 howler monkey zombies
  14 gnolls
  10 adders
  2 howler monkey skeletons
  A shadow imp (D:6)
  3 white imps (D:7)
  An ufetubus (D:4)
  2 worms
  3 dart slugs
  13 orcs
  13 ball pythons
  8 bats
  4 endoplasms
  5 giant cockroaches
  5 goblins
  4 hobgoblins
  6 jackals
  17 kobolds
  A quokka (D:1)
  10 frilled lizards
  3 rats (D:2)
269 creatures vanquished.

Vanquished Creatures (collateral kills)
  A hydra (Lair:1)
  A catoblepas (D:8)
  An orc warrior (D:8)
  2 killer bees (D:8)
  An orc (D:8)
6 creatures vanquished.

Vanquished Creatures (others)
  An orc (D:7)
  4 fungi
  14 plants
19 creatures vanquished.

Grand Total: 294 creatures vanquished

Notes
Turn   | Place    | Note
-------+----------+-------------------------------------------
     0 | D:1      | mcbry74 the Troll Berserker began the quest for the Orb.
     0 | D:1      | Reached XP level 1. HP: 22/22 MP: 0/0
    59 | D:2      | Reached XP level 2. HP: 10/29 MP: 1/1
    70 | D:2      | Reached skill level 4 in Unarmed Combat
    76 | D:2      | Reached XP level 3. HP: 28/36 MP: 2/2
   228 | D:3      | Found a runed translucent gate.
   228 | D:3      | Found a runed translucent gate.
   228 | D:3      | Found a runed translucent gate.
   230 | D:3      | Noticed Jazqba's ghost (amateur HOHu)
   231 | D:3      | Noticed a kobold brigand
   249 | D:3      | Killed a kobold brigand
   250 | D:3      | Reached skill level 5 in Unarmed Combat
   250 | D:3      | Reached XP level 4. HP: 44/44 MP: 3/3
   268 | D:3      | Reached ** piety under Trog
   279 | D:3      | Killed Jazqba's ghost
   280 | D:3      | Reached skill level 6 in Unarmed Combat
   280 | D:3      | Reached XP level 5. HP: 47/50 MP: 4/4
   395 | D:3      | Reached XP level 6. HP: 59/59 MP: 5/5
   469 | D:3      | Reached skill level 7 in Unarmed Combat
   600 | D:3      | Found Jykkeocu's Armour Shop.
   771 | D:3      | Noticed Ijyb
   782 | D:3      | Killed Ijyb
   910 | D:4      | Noticed Duvessa
   927 | D:4      | Killed Duvessa
   928 | D:4      | Noticed Dowan
   932 | D:4      | Killed Dowan
   933 | D:4      | Reached skill level 8 in Unarmed Combat
   933 | D:4      | Reached XP level 7. HP: 57/66 MP: 6/6
   956 | D:4      | Found a radiant altar of Vehumet.
  1163 | D:4      | Reached skill level 9 in Unarmed Combat
  1272 | D:4      | Reached *** piety under Trog
  1284 | D:4      | Identified the +10 trident of Hepliaklqana's Outrage {elec,
                  | Fly rCorr}
  1523 | D:5      | Entered Level 5 of the Dungeon
  1559 | D:5      | Found a shimmering altar of Xom.
  1686 | D:5      | Reached XP level 8. HP: 59/74 MP: 7/7
  1719 | D:5      | Noticed Eustachio
  1731 | D:5      | Reached skill level 10 in Unarmed Combat
  1746 | D:5      | Killed Eustachio
  1779 | D:5      | Noticed a kobold demonologist
  1785 | D:5      | Noticed a kobold demonologist
  1787 | D:5      | Gained mutation: Your body sometimes deteriorates upon
                  | taking damage. [a neqoxec]
  1791 | D:5      | Killed a kobold demonologist
  1792 | D:5      | Reached skill level 11 in Unarmed Combat
  1796 | D:5      | Killed a kobold demonologist
  1861 | D:5      | Reached XP level 9. HP: 80/80 MP: 8/8
  1875 | D:5      | Reached skill level 12 in Unarmed Combat
  1897 | D:5      | Noticed Sigmund
  1897 | D:5      | Noticed Menkaure
  1909 | D:5      | Killed Menkaure
  1927 | D:5      | Killed Sigmund
  2108 | D:5      | Noticed Edmund
  2124 | D:5      | Killed Edmund
  2373 | D:5      | Found a staircase to the Ecumenical Temple.
  3230 | D:1      | Reached **** piety under Trog
  3333 | D:2      | Found a blossoming altar of Fedhas.
  3359 | D:2      | Found a faded altar of an unknown god.
  4455 | D:5      | Identified a scroll of acquirement
  4456 | D:5      | Acquired 527 gold pieces
  4514 | D:6      | Found Hafessug's Magic Scroll Emporium.
  4670 | D:6      | Reached skill level 1 in Throwing
  4709 | D:6      | Reached skill level 1 in Armour
  4709 | D:6      | Reached skill level 1 in Shields
  4709 | D:6      | Reached skill level 1 in Evocations
  4726 | D:6      | Noticed Blork the orc
  4739 | D:6      | Killed Blork the orc
  4768 | D:6      | Found Nachik's Antique Weapon Shoppe.
  5016 | D:6      | Found Gexkocsa's Antique Weapon Shop.
  5021 | D:6      | Noticed Maggie
  5031 | D:6      | Killed Maggie
  5036 | D:6      | Reached XP level 10. HP: 68/91 MP: 9/9
  5274 | D:6      | Found a glowing silver altar of Zin.
  5274 | D:6      | Noticed an angel
  5547 | D:7      | Reached skill level 13 in Unarmed Combat
  5657 | D:7      | Identified the +0 ring mail of Darkness {rF+ Str+3}
  5689 | D:7      | Found Menoezor's Magic Scroll Boutique.
  5717 | D:7      | Noticed Jazqba's ghost (novice HOAK)
  5719 | D:7      | Noticed a boulder beetle
  5762 | D:7      | Found a transporter.
  5779 | D:7      | Found a transporter.
  5809 | D:7      | Found an iron altar of Okawaru.
  5820 | D:7      | Found a shimmering blue altar of Sif Muna.
  6200 | D:7      | Killed a boulder beetle
  6209 | D:7      | Killed Jazqba's ghost
  6290 | D:8      | Found a staircase to the Lair.
  6694 | D:8      | Found a sparkling altar of Nemelex Xobeh.
  6864 | D:8      | Identified the +2 ring mail of Classification {Fly rElec
                  | Int-3 SInv}
  7049 | D:8      | Paralysed by a hornet for 1 turns
  7100 | D:8      | Reached XP level 11. HP: 73/100 MP: 10/10
  7122 | D:9      | Found Fosyarho's Antique Armour Emporium.
  7198 | D:9      | Noticed a catoblepas
  7207 | D:8      | Killed a catoblepas
  7256 | Lair:1   | Entered Level 1 of the Lair of Beasts
  7539 | Lair:1   | Found a runed translucent gate.
  7543 | Lair:1   | Found a runed translucent gate.
  7543 | Lair:1   | Found a runed translucent gate.
  7554 | Lair:1   | Noticed a minotaur
  7554 | Lair:1   | Noticed DiogoH's ghost (journeyman PaWr)
  7578 | Lair:1   | Killed a minotaur
  7580 | Lair:1   | Noticed a four-headed hydra
  7590 | Lair:1   | Killed DiogoH's ghost
  7591 | Lair:1   | Reached skill level 5 in Fighting
  7591 | Lair:1   | Reached skill level 5 in Dodging
  7592 | Lair:1   | Killed a four-headed hydra
  7649 | Lair:1   | Noticed an eight-headed hydra
  7656 | Lair:1   | Killed an eight-headed hydra
  7858 | Lair:1   | Reached skill level 5 in Throwing
  8195 | Lair:1   | Noticed a six-headed hydra
  8208 | Lair:1   | Reached XP level 12. HP: 107/111 MP: 11/11
  8212 | Lair:1   | Killed a six-headed hydra
  8426 | D:9      | Found Kiodar's Jewellery Emporium.
  8498 | D:9      | Found a stormy altar of Qazlal.
  8583 | D:9      | Paralysed by a hornet for 1 turns
  8587 | D:9      | Noticed a two-headed ogre
  8597 | D:9      | Killed a two-headed ogre
  8694 | D:9      | Found Wuypamm's Antique Weapon Shop.
  8850 | D:9      | Found Yliukus's Antique Weapon Shoppe.
  8868 | D:9      | Found Yfyttycs's Antique Weapon Shop.
  8916 | D:9      | Found Juor Cia's Armour Shop.
  8916 | D:9      | Found a staircase to the Orcish Mines.
  9275 | Lair:2   | HP: 2/113 [black mamba (8)]
  9276 | Lair:2   | Slain by a black mamba

Illustrated notes

Levels and vault maps discovered:
D:1:      minmay_arrival_open_corners, layout_loops_ring, minmay_lizard_king
D:2:      layout_basic, basic_altar, chequers_ecumenical_altar_simple_redux
D:3:      layout_loops_corners, gammafunk_ghost_nasty_kobolds, serial_shops,
          shop, minmay_snake_closets, uniq_ijyb
D:4:      layout_basic, nicolae_vehumet_radiance,
          hangedman_abyss_or_decor_lesser_grid, minmay_box_of_dots, uniq_duvessa
D:5:      layout_layer_cave, xom_teletrap_fun, minmay_temple_entry_junction,
          uniq_eustachio, uniq_edmund, uniq_sigmund, uniq_menkaure
D:6:      layout_basic, zin_angel, serial_shops, shop, shop, shop,
          uniq_blork_the_orc, uniq_maggie
D:7:      layout_cave_pools, mainiacjoe_overflow_big_doors, serial_shops,
          nicolae_shop_behind_doors, gammafunk_ghost_arena, minivault_4,
          kennysheep_small_spiral
D:8:      layout_basic, lemuel_crystal_altar, lair_entry_dummy
D:9:      minmay_s_stair_smasher, layout_irregular_city,
          nicolae_qazlal_general_emergency, orc_david_3, serial_shops, shop,
          shop_statue, nicolae_stop_n_shop_2, shop_statue, shop, disabler_island
Lair:1:   layout_gridlike, maelrawn_ghost_gauntlet_escape, lemuel_fruit_tree
Lair:2:   lemuel_ratsnest, layout_regular_city, grunt_megastairs_2

Skill      XL: |  1  2  3  4  5  6  7  8  9 10 11 |
---------------+----------------------------------+-----
Unarmed Combat | 4 5 6 8 9 11 12 13 | 13.8
Throwing       | 1 3 5 |  5.5
Armour         | 1 3 4 |  4.9
Shields        | 1 3 4 |  4.9
Evocations     | 1 3 4 |  4.4
Fighting       | 3 4 5 |  5.7
Dodging        | 3 4 5 |  5.6

Action                   |  1- 3 |  4- 6 |  7- 9 | 10-12 || total
-------------------------+-------+-------+-------+-------++-------
Melee: Unarmed           |    41 |   103 |   263 |   376 ||   783
       Punch             |       |       |    10 |    17 ||    27
       Trident           |       |       |       |     7 ||     7
Throw: Large rock        |       |       |       |     6 ||     6
Invok: Berserk           |     1 |       |     1 |     3 ||     5
       Trog's Hand       |       |     1 |     3 |     4 ||     8
       Brothers in Arms  |       |       |       |     2 ||     2
  Use: Scroll            |       |       |     7 |     3 ||    10
       Potion            |       |       |     1 |     3 ||     4
Armor: Animal skin       |    19 |    26 |    66 |       ||   111
       Steam dragon scal |       |       |       |    98 ||    98
Dodge: Dodged            |    22 |    48 |   120 |   275 ||   465
